[Event "Titled Tuesday Blitz October 11 Late 2022"]
[White "Urbina Perez, Juan Antonio"]
[Black "Sailer, Mike"]
[WhiteFideId "2217368"]
[BlackFideId "2012901"]
[WhiteElo "2197"]
[BlackElo "2109"]
[Result "0-1"]
[Round "06"]
[TimeControl "180+1"]
[Date "2022.10.12"]
[WhiteClock "0:00:12"]
[BlackClock "0:00:12"]

1. e4 d5 2. exd5 Qxd5 3. Nc3 Qd6 4. d4 Nf6 5. Bc4 c6 6. Nge2 Bf5 7. Bf4 Qd8 8. Qd2 e6 9. O-O-O Bb4 10. f3 Qa5 11. h4 h5 12. Be5 Nbd7 13. Bd3 Bxd3 14. Qxd3 O-O-O 15. Bxf6 Nxf6 16. a3 Be7 17. Ne4 Nxe4 18. Qxe4 Rd7 19. g3 Rhd8 20. f4 Kb8 21. Rd2 Ka8 22. Rhd1 Bxa3 23. Rd3 Be7 24. c3 Qa1+ 25. Kc2 Qa4+ 26. Kb1 Rd5 27. Nc1 Ra5 28. Qe2 g6 29. Re3 Rdd5 30. Re5 Qa1+ 31. Kc2 Qa4+ 32. b3 Qa1 33. Qc4 Ba3 34. b4 Qb2+ 35. Kd3 Qb1+ 36. Kd2 Qb2+ 37. Ke3 Qc2 38. Qd3 Bxc1+ 39. Kf3 Qxd3+ 40. Rxd3 Rxe5 41. dxe5 Rd5 42. Ke4 Rxd3 43. Kxd3 Kb8 44. Kc2 Be3 45. Kd3 Bf2 46. Ke2 Bxg3 47. Kf3 Bxh4 48. Kg2 Be7 49. Kg3 c5 50. Kf3 cxb4 51. cxb4 Bxb4 0-1


[Site "https://www.chess.com"]

[Event "Titled Tuesday Blitz October 11 Late 2022"]
[White "Vazquez, Guillermo"]
[Black "Nakamura, Hikaru"]
[WhiteFideId "3702308"]
[BlackFideId "2016192"]
[WhiteElo "2543"]
[BlackElo "2909"]
[Result "0-1"]
[Round "06"]
[TimeControl "180+1"]
[Date "2022.10.11"]
[WhiteClock "0:00:04"]
[BlackClock "0:01:07"]

1. b3 d6 2. Bb2 c5 3. c4 e5 4. Nc3 g6 5. g3 Bg7 6. Bg2 Ne7 7. d3 Nbc6 8. Nf3 h6 9. O-O Be6 10. a3 O-O 11. Nd2 Rc8 12. b4 b6 13. Nd5 f5 14. e3 Rf7 15. bxc5 dxc5 16. e4 f4 17. a4 Qd7 18. Bc3 h5 19. a5 bxa5 20. Nf3 Bg4 21. Qd2 Bxf3 22. Bxf3 Rcf8 23. Kg2 a4 24. Qd1 fxg3 25. fxg3 h4 26. gxh4 Nxd5 27. cxd5 Nd4 28. Bxd4 exd4 29. Bg4 Rxf1 30. Bxd7 R8f2+ 31. Kh3 Rxd1 32. Rxd1 a3 33. d6 Kf7 34. Bb5 Be5 35. Bc6 0-1


[Site "https://www.chess.com"]

[Event "Titled Tuesday Blitz October 11 Late 2022"]
[White "Vlassov, Nikolai"]
[Black "Kravtsiv, Martyn"]
[WhiteFideId "4103360"]
[BlackFideId "14113147"]
[WhiteElo "2324"]
[BlackElo "2694"]
[Result "0-1"]
[Round "06"]
[TimeControl "180+1"]
[Date "2022.10.11"]
[WhiteClock "0:00:04"]
[BlackClock "0:01:03"]

1. e4 e5 2. Bc4 Nf6 3. d3 Nc6 4. Nf3 Bc5 5. Bg5 h6 6. Bh4 d6 7. Nc3 g5 8. Bg3 Na5 9. Nd2 Nxc4 10. Nxc4 Be6 11. h4 g4 12. h5 Qd7 13. Ne3 Rg8 14. Qd2 Rg5 15. O-O-O Nxh5 16. Bh4 Rg6 17. Ne2 Bxa2 18. d4 exd4 19. Nxd4 Qa4 20. Qc3 Nf4 21. Rhe1 Kd7 22. e5 Bb4 23. Qxb4 Qxb4 24. exd6 Rxd6 25. Nef5 Re8 26. Rxe8 Kxe8 27. Nxd6+ cxd6 0-1


[Site "https://www.chess.com"]

[Event "Titled Tuesday Blitz October 11 Late 2022"]
[White "Vrbljanac, Aleksandar"]
[Black "Boros, Denes"]
[WhiteFideId "932817"]
[BlackFideId "722340"]
[WhiteElo "2309"]
[BlackElo "2464"]
[Result "0-1"]
[Round "06"]
[TimeControl "180+1"]
[Date "2022.10.11"]
[WhiteClock "0:01:05"]
[BlackClock "0:01:53"]

1. e4 g6 2. d4 Bg7 3. Nf3 Nc6 4. d5 Ne5 5. Nxe5 Bxe5 6. f4 Bg7 7. Bc4 c6 8. O-O Qb6+ 9. Kh1 Bxb2 10. Bxb2 Qxb2 11. Nd2 Nf6 12. dxc6 dxc6 13. e5 Nd5 14. Rf3 Bg4 15. Rb3 Qxb3 16. Qxg4 Qc3 17. Rd1 Ne3 18. Ne4 Nxg4 19. Nxc3 Nf2+ 0-1


[Site "https://www.chess.com"]

[Event "Titled Tuesday Blitz October 11 Late 2022"]
[White "Wieczorek, Oskar"]
[Black "Maksimovic, Bojan"]
[WhiteFideId "1133950"]
[BlackFideId "14408120"]
[WhiteElo "2404"]
[BlackElo "2447"]
[Result "1-0"]
[Round "06"]
[TimeControl "180+1"]
[Date "2022.10.11"]
[WhiteClock "0:00:28"]
[BlackClock "0:00:06"]

1. e4 g6 2. d4 Bg7 3. Nf3 d6 4. Bc4 Nf6 5. Qe2 O-O 6. e5 dxe5 7. dxe5 Nd5 8. h3 c6 9. O-O Nd7 10. Rd1 Nc5 11. Be3 Ne6 12. Bxd5 cxd5 13. Nc3 d4 14. Nxd4 Nxd4 15. Bxd4 Be6 16. Bxa7 Qa5 17. Bd4 Rfd8 18. Qe3 b5 19. Ne4 b4 20. Nc5 Bd5 21. a3 Qb5 22. axb4 Rxa1 23. Rxa1 Qxb4 24. b3 Rc8 25. c4 Bc6 26. e6 f6 27. Ra7 Bf8 28. Bxf6 Qb6 29. Bd4 Qxa7 30. Qe5 1-0


[Site "https://www.chess.com"]

[Event "Titled Tuesday Blitz October 11 Late 2022"]
[White "Winterberg, Lukas"]
[Black "Thomforde-Toates, Noah"]
[WhiteFideId "24622702"]
[BlackFideId "30951992"]
[WhiteElo "2349"]
[BlackElo "2681"]
[Result "0-1"]
[Round "06"]
[TimeControl "180+1"]
[Date "2022.10.12"]
[WhiteClock "0:00:05"]
[BlackClock "0:01:04"]

1. d4 Nf6 2. Nf3 g6 3. c4 Bg7 4. Nc3 O-O 5. e4 d6 6. Be2 e5 7. O-O exd4 8. Nxd4 Re8 9. f3 c6 10. Be3 d5 11. cxd5 Nxd5 12. Nxd5 cxd5 13. Qb3 Nc6 14. Rad1 Nxd4 15. Bxd4 Bxd4+ 16. Rxd4 Qf6 17. Rfd1 dxe4 18. fxe4 Be6 19. Qe3 Qe5 20. Bc4 Rac8 21. Bxe6 Qxe6 22. b3 Rc2 23. R4d2 Rxd2 24. Rxd2 Qxe4 25. Qxe4 Rxe4 26. Rd7 Rb4 27. Kf2 Kg7 28. Ke3 Kf6 29. Kd3 Ke6 30. Rc7 Rb6 31. Ke4 h6 32. g3 Ra6 33. Rxb7 Rxa2 34. h4 Ra5 35. b4 Ra4 36. Kf3 Ra3+ 37. Kf4 h5 38. Rc7 Ra4 39. Rb7 a5 40. Rb6+ Ke7 41. Ra6 Rxb4+ 42. Kf3 a4 43. Ke3 Rb3+ 44. Kf4 a3 45. Ra5 Ke6 46. Ra7 Rb4+ 47. Kf3 Rb3+ 48. Kf4 Kd5 49. Rxf7 Rb4+ 50. Ke3 Ra4 51. Rf1 a2 52. Ra1 Ke5 53. Kf3 Ra3+ 54. Kg2 Kf5 55. Kh3 Ke4 56. Kg2 Kd3 57. Kf3 Kc2+ 58. Kf4 Kb2 59. Rxa2+ Kxa2 60. Kg5 Rxg3+ 0-1


[Site "https://www.chess.com"]

[Event "Titled Tuesday Blitz October 11 Late 2022"]
[White "Yi, Richard"]
[Black "Tarasova, Viktoriya"]
[WhiteFideId "2079518"]
[BlackFideId "4175840"]
[WhiteElo "2147"]
[BlackElo "2182"]
[Result "0-1"]
[Round "06"]
[TimeControl "180+1"]
[Date "2022.10.12"]
[WhiteClock "0:00:01"]
[BlackClock "0:00:09"]

1. c4 Nf6 2. Nc3 e5 3. e3 d5 4. cxd5 Nxd5 5. a3 Nc6 6. Qc2 Nxc3 7. dxc3 Bd6 8. Bd3 h6 9. Ne2 O-O 10. Ng3 Ne7 11. e4 Be6 12. O-O Bc5 13. b4 Bb6 14. Bb2 c6 15. Rad1 Qc7 16. c4 Bd4 17. Bxd4 exd4 18. f4 f6 19. c5 b5 20. Ne2 Rfd8 21. Qb2 Bg4 22. Bb1 Bxe2 23. Qxe2 a5 24. Qb2 Qd7 25. Rd3 axb4 26. axb4 Ng6 27. g3 Ra7 28. Rfd1 Qg4 29. Kf2 Rad7 30. Bc2 h5 31. Rxd4 Rxd4 32. Rxd4 Rxd4 33. Qxd4 Nxf4 34. gxf4 Qxf4+ 35. Ke1 Qxh2 36. Qd8+ Kh7 37. e5+ Qxc2 38. exf6 Qc3+ 39. Kd1 Qxf6 40. Qd3+ Qg6 41. Qd7 Qb1+ 42. Kd2 Qxb4+ 43. Ke2 Qc4+ 44. Kf2 Qxc5+ 45. Kf1 Qc4+ 46. Ke1 Qc3+ 47. Kd1 Qf3+ 48. Kc1 Qf4+ 49. Kd1 Qg4+ 50. Qxg4 hxg4 0-1


[Site "https://www.chess.com"]

[Event "Titled Tuesday Blitz October 11 Late 2022"]
[White "Zeynalli, Rashad"]
[Black "Indjic, Aleksandar"]
[WhiteFideId "13403320"]
[BlackFideId "911925"]
[WhiteElo "2125"]
[BlackElo "2592"]
[Result "1-0"]
[Round "06"]
[TimeControl "180+1"]
[Date "2022.10.11"]
[WhiteClock "0:00:10"]
[BlackClock "0:00:17"]

1. d4 Nf6 2. Bf4 d5 3. e3 c5 4. c3 Nc6 5. Nd2 e6 6. Ngf3 Nh5 7. Be5 f6 8. Bg3 g6 9. Bd3 Nxg3 10. hxg3 f5 11. Bb5 Qb6 12. Bxc6+ bxc6 13. Ne5 Bg7 14. Ndf3 Ba6 15. Qb3 Rc8 16. Ng5 Bxe5 17. dxe5 Ke7 18. Qxb6 axb6 19. Nxh7 Bc4 20. b3 Ba6 21. Kd2 Rcd8 22. Ng5 Ra8 23. a4 Bb7 24. Nh7 Rad8 25. Nf6 Ba6 26. a5 b5 27. b4 c4 28. g4 Rc8 29. gxf5 exf5 30. g4 Ke6 31. gxf5+ Kxf5 32. f4 g5 33. Raf1 Rxh1 34. Rxh1 gxf4 35. exf4 Kxf4 36. Re1 Kf5 37. Nd7 Re8 38. Nc5 Bc8 39. a6 Bxa6 40. Nxa6 Rxe5 41. Rxe5+ Kxe5 42. Nc5 d4 43. Nd7+ Kd6 44. Nf6 c5 45. Ne4+ Kd5 46. Nxc5 d3 47. Nb7 Kc6 48. Nd8+ Kd5 49. Nf7 Ke6 50. Ng5+ Kf5 51. Nf3 Ke4 52. Nd4 Kd5 53. Nxb5 Kc6 54. Na3 Kd5 55. Ke3 d2 56. Kxd2 Kc6 57. Nxc4 Kb5 58. Ne3 1-0


[Site "https://www.chess.com"]

[Event "Titled Tuesday Blitz October 11 Late 2022"]
[White "Zierk, Steven"]
[Black "Yuan, Qingyu"]
[WhiteFideId "2034255"]
[BlackFideId "8609772"]
[WhiteElo "2494"]
[BlackElo "2359"]
[Result "1-0"]
[Round "06"]
[TimeControl "180+1"]
[Date "2022.10.11"]
[WhiteClock "0:01:27"]
[BlackClock "0:00:14"]

1. e4 c6 2. d4 d5 3. exd5 cxd5 4. Bd3 Nc6 5. c3 Nf6 6. Bf4 Bg4 7. Qb3 Qd7 8. Nd2 e6 9. Ngf3 Bd6 10. Bxd6 Qxd6 11. O-O O-O 12. Rae1 Bxf3 13. Nxf3 Qc7 14. Ne5 Nxe5 15. Rxe5 g6 16. g3 Kg7 17. Kg2 Rab8 18. h4 b5 19. a3 a5 20. Bxb5 a4 21. Qxa4 Qb6 22. c4 Qxd4 23. Re2 Qd3 24. Qc2 Qd4 25. Rd1 Qc5 26. Qc3 Rfc8 27. g4 dxc4 28. a4 h6 29. f4 Rxb5 30. axb5 Qxb5 31. g5 hxg5 32. fxg5 Kg8 33. Qxf6 c3 34. Rf2 c2 35. Qxf7+ Kh8 36. Qf6+ Kh7 37. Qe7+ Kh8 38. Rd8+ Rxd8 39. Qxd8+ Kg7 40. Qf8+ 1-0


[Site "https://www.chess.com"]

[Event "Titled Tuesday Blitz October 11 Late 2022"]
[White "miragha_yev"]
[Black "De Souza, Cristiano Gomes"]
[BlackFideId "2151758"]
[WhiteElo "2747"]
[BlackElo "2068"]
[Result "1-0"]
[Round "06"]
[TimeControl "180+1"]
[Date "2022.10.12"]
[WhiteClock "0:00:42"]
[BlackClock "0:00:59"]

1. d4 Nf6 2. c4 g6 3. f3 Bg7 4. e4 d6 5. Be3 O-O 6. Nc3 Nc6 7. Qd2 e5 8. Nge2 a6 9. d5 Na5 10. Nc1 c5 11. a3 b6 12. b4 Nb7 13. Be2 Nh5 14. Nd3 f5 15. O-O f4 16. Bf2 g5 17. bxc5 Nxc5 18. Rab1 Bd7 19. Nxc5 bxc5 20. Rb7 Rb8 21. Rfb1 Rxb7 22. Rxb7 Qc8 23. Qb2 Nf6 24. Qb6 Ne8 25. Qxa6 h5 26. Qa7 Nf6 27. Nb5 g4 28. Nxd6 Qd8 29. Bh4 gxf3 30. Bxf3 Bg4 31. Rxg7+ 1-0


[Site "https://www.chess.com"]

[Event "Titled Tuesday Blitz October 11 Late 2022"]
[White "Alexikov, Alexander"]
[Black "Martin Carmona, Gaston Manuel"]
[WhiteFideId "14103958"]
[BlackFideId "22284567"]
[WhiteElo "2222"]
[BlackElo "2235"]
[Result "1-0"]
[Round "07"]
[TimeControl "180+1"]
[Date "2022.10.12"]
[WhiteClock "0:01:13"]
[BlackClock "0:00:17"]

1. e4 e5 2. Nf3 Nc6 3. c3 Nf6 4. d4 exd4 5. e5 Ne4 6. Qe2 d5 7. exd6 f5 8. Nbd2 Bxd6 9. Nxe4 fxe4 10. Qxe4+ Ne7 11. Nxd4 O-O 12. Bd3 Ng6 13. Be3 Kh8 14. O-O-O Qf6 15. g3 Bd7 16. h4 Rae8 17. Qxb7 Bxg3 18. h5 Ne5 19. fxg3 c5 20. Rhf1 Nxd3+ 21. Kd2 Qd6 22. Rxf8+ Rxf8 23. Kxd3 cxd4 24. Bxd4 Bf5+ 25. Kc4 Rc8+ 26. Qxc8+ 1-0


[Site "https://www.chess.com"]

[Event "Titled Tuesday Blitz October 11 Late 2022"]
[White "Andreikin, Dmitry"]
[Black "Kamsky, Gata"]
[WhiteFideId "4158814"]
[BlackFideId "2000024"]
[WhiteElo "2736"]
[BlackElo "2666"]
[Result "1-0"]
[Round "07"]
[TimeControl "180+1"]
[Date "2022.10.11"]
[WhiteClock "0:00:20"]
[BlackClock "0:00:03"]

1. Nf3 Nf6 2. c4 b6 3. Nc3 Bb7 4. d4 e6 5. a3 d6 6. d5 e5 7. e4 Nbd7 8. b4 Be7 9. Bd3 O-O 10. O-O g6 11. Bh6 Re8 12. Nd2 Nh5 13. Be2 Nf4 14. Bf3 Bg5 15. Bxg5 Qxg5 16. g3 Nh5 17. Bxh5 Qxh5 18. Qxh5 gxh5 19. f4 c6 20. fxe5 Nxe5 21. Rf6 Rad8 22. Raf1 Bc8 23. dxc6 Nxc6 24. Rxf7 Bh3 25. R1f4 Be6 26. Rc7 Rc8 27. Nb5 Red8 28. Rxc8 Bxc8 29. Rf6 Bh3 30. Nf3 a6 31. Nxd6 Kg7 32. Rf7+ Kg8 33. Rf6 Kg7 34. Ne8+ Rxe8 35. Rxc6 Bg4 36. Kf2 Rxe4 37. h3 Bf5 38. Nd2 Rd4 39. Ke2 Rd3 40. g4 hxg4 41. hxg4 Bd7 42. Rc7 Rd4 43. Ke3 Rd6 44. c5 1-0


[Site "https://www.chess.com"]

[Event "Titled Tuesday Blitz October 11 Late 2022"]
[White "Ardila, Oscar Humberto"]
[Black "Sanchez, Robert"]
[WhiteFideId "4404742"]
[BlackFideId "2034360"]
[WhiteElo "1898"]
[BlackElo "2423"]
[Result "1-0"]
[Round "07"]
[TimeControl "180+1"]
[Date "2022.10.12"]
[WhiteClock "0:00:41"]
[BlackClock "0:00:19"]

1. d4 d5 2. c4 c6 3. Nc3 Nf6 4. Nf3 dxc4 5. a4 Bf5 6. e3 e6 7. Bxc4 Be7 8. O-O O-O 9. Qb3 Qc7 10. Ne5 Nbd7 11. f4 c5 12. Nb5 Qc8 13. Nxd7 Qxd7 14. Rd1 Rfd8 15. Bd2 a6 16. Ba5 axb5 17. Bxb5 Qc8 18. Bxd8 Bxd8 19. Rac1 Be7 20. h3 Qf8 21. Be2 cxd4 22. Rxd4 Bc5 23. Rdc4 b6 24. Bf3 Rd8 25. Kh2 h5 26. a5 Rb8 27. a6 Ng4+ 28. Kh1 Nxe3 29. Rxc5 bxc5 30. Qxe3 Qe7 31. Qxc5 Re8 32. a7 1-0


[Site "https://www.chess.com"]

[Event "Titled Tuesday Blitz October 11 Late 2022"]
[White "Arnold, Ken"]
[Black "Joubert, Dantelle"]
[WhiteFideId "2056836"]
[BlackFideId "14310813"]
[WhiteElo "2354"]
[BlackElo "1507"]
[Result "1-0"]
[Round "07"]
[TimeControl "180+1"]
[Date "2022.10.12"]
[WhiteClock "0:00:09"]
[BlackClock "0:00:03"]

1. d4 d5 2. c4 c6 3. Nf3 Nf6 4. Nc3 e6 5. Bg5 Nbd7 6. e3 Qa5 7. Bxf6 Nxf6 8. a3 Bd6 9. Bd3 dxc4 10. Bxc4 O-O 11. b4 Qc7 12. e4 e5 13. O-O Bg4 14. d5 cxd5 15. Nxd5 Nxd5 16. Bxd5 Rac8 17. h3 Bd7 18. Qb3 Bc6 19. Rad1 Qe7 20. b5 Bxd5 21. Qxd5 Bxa3 22. Qxe5 Qxe5 23. Nxe5 Rfe8 24. Nd7 Rxe4 25. Ra1 Rc3 26. Ra2 Rd4 27. Rfa1 Rxd7 28. Rxa3 Rxa3 29. Rxa3 g6 30. Rxa7 Kg7 31. g4 h6 32. Kg2 Rc7 33. b6 Re7 34. f4 Rd7 35. Kg3 Kf6 36. Kf3 Rd3+ 37. Ke4 Rd7 38. h4 g5 39. fxg5+ hxg5 40. h5 Re7+ 41. Kd5 Rd7+ 42. Kc5 Re7 43. Kd6 Re6+ 44. Kc7 Re7+ 45. Kb8 Re4 46. Rxb7 Rxg4 47. Rc7 Rb4 48. b7 g4 49. Kc8 Kg5 50. Rxf7 Kxh5 51. b8=Q Rxb8+ 52. Kxb8 1-0


[Site "https://www.chess.com"]

[Event "Titled Tuesday Blitz October 11 Late 2022"]
[White "Averjanov, Alexey"]
[Black "Sztokbant, Bernardo Vainzoff"]
[WhiteFideId "14109867"]
[BlackFideId "2115956"]
[WhiteElo "2655"]
[BlackElo "2171"]
[Result "1-0"]
[Round "07"]
[TimeControl "180+1"]
[Date "2022.10.12"]
[WhiteClock "0:01:08"]
[BlackClock "0:00:05"]

1. d4 Nf6 2. c4 g6 3. Nc3 d5 4. cxd5 Nxd5 5. e4 Nxc3 6. bxc3 Bg7 7. Nf3 c5 8. Be3 O-O 9. Qd2 Nc6 10. Rc1 b6 11. d5 Na5 12. c4 e6 13. Be2 exd5 14. exd5 Nb7 15. O-O Nd6 16. Bf4 Re8 17. Rfe1 Bg4 18. h3 Bxf3 19. Bxf3 Nf5 20. Rxe8+ Qxe8 21. Re1 Qd7 22. d6 Rd8 23. Bg4 h5 24. Re7 hxg4 25. Rxd7 Rxd7 26. hxg4 Nxd6 27. Qd5 Bf8 28. Qc6 Rd8 29. Qc7 Rc8 30. Qd7 Re8 31. Kh2 Re6 32. Qxa7 Nxc4 33. Qb8 Nd6 34. Qxb6 Ne4 35. Qd8 Nxf2 36. Kg3 Ne4+ 37. Kf3 Nf6 38. g5 Nh7 39. a4 Kg7 40. a5 c4 41. Qd4+ Kg8 42. Qxc4 Be7 43. a6 Nxg5+ 44. Bxg5 Bxg5 45. a7 Re3+ 46. Kf2 Ra3 47. Qc8+ Kg7 48. a8=Q Rxa8 49. Qxa8 Bf6 50. Qd5 g5 51. Kf3 Kg6 52. g4 Bg7 53. Qf5+ Kh6 54. Qxf7 Kh7 55. Qh5+ Bh6 56. Ke4 Kg7 57. Kf5 Kh7 58. Kf6 Kg8 59. Qg6+ 1-0


[Site "https://www.chess.com"]

[Event "Titled Tuesday Blitz October 11 Late 2022"]
[White "Ballester Llagaria, Luis Eduardo"]
[Black "Gilmanov, Mansur"]
[WhiteFideId "2297620"]
[BlackFideId "4166868"]
[WhiteElo "2504"]
[BlackElo "2588"]
[Result "0-1"]
[Round "07"]
[TimeControl "180+1"]
[Date "2022.10.12"]
[WhiteClock "0:00:04"]
[BlackClock "0:00:14"]

1. e4 d5 2. exd5 Qxd5 3. Nc3 Qe5+ 4. Be2 Bg4 5. d4 Bxe2 6. Ngxe2 Qa5 7. a3 Nf6 8. b4 Qh5 9. Bf4 c6 10. O-O e6 11. Qd3 Be7 12. Ng3 Qg6 13. Qxg6 hxg6 14. Be5 Nbd7 15. Nce4 Nxe5 16. dxe5 Ng4 17. f4 Nxh2 18. Rfd1 Ng4 19. Nd6+ Bxd6 20. Rxd6 Ke7 21. Ne4 Ne3 22. Nc5 b6 23. Ne4 Rhd8 24. Rxc6 Rac8 25. b5 Rxc6 26. bxc6 Rc8 27. Kf2 Nd5 28. c4 Nxf4 29. c5 Nd3+ 30. Ke3 Nxc5 31. Nd6 Rxc6 32. Rc1 f6 33. Nb5 a6 34. Nd4 Rc7 35. Nf3 Rd7 36. g4 Rd3+ 37. Ke2 Rxa3 38. g5 Ra2+ 39. Kf1 f5 40. Nd4 Ra4 41. Nb3 Nxb3 42. Rc7+ Kf8 43. Rc8+ Kf7 44. Rc7+ Kg8 45. Kg2 Re4 46. Kh3 Rxe5 47. Kh4 Re4+ 48. Kh3 Nc5 49. Rc8+ Kh7 50. Kg3 Rg4+ 51. Kh3 Rxg5 52. Kh4 Rg4+ 53. Kh3 e5 54. Kh2 e4 55. Kh3 e3 56. Re8 Ne4 57. Rc8 b5 58. Rc1 b4 59. Rb1 a5 60. Rc1 a4 61. Kh2 b3 62. Kh3 a3 63. Rb1 b2 64. Rd1 e2 65. Rd8 e1=Q 0-1


[Site "https://www.chess.com"]

[Event "Titled Tuesday Blitz October 11 Late 2022"]
[White "Baltaci, Ismail Tarik"]
[Black "Reprintsev, Alexander"]
[WhiteFideId "6365213"]
[BlackFideId "14100541"]
[WhiteElo "2349"]
[BlackElo "2230"]
[Result "1-0"]
[Round "07"]
[TimeControl "180+1"]
[Date "2022.10.12"]
[WhiteClock "0:00:34"]
[BlackClock "0:00:13"]

1. e4 d5 2. exd5 Qxd5 3. Nc3 Qa5 4. d4 Nf6 5. Nf3 Nc6 6. d5 Nb4 7. Bb5+ Bd7 8. Bxd7+ Nxd7 9. a3 Nf6 10. O-O Nbxd5 11. Bd2 e6 12. Re1 O-O-O 13. Qe2 Nxc3 14. Bxc3 Qa6 15. Qxa6 bxa6 16. Ne5 Rg8 17. Nxf7 Re8 18. Ng5 Nd5 19. Bd4 c5 20. Be5 h6 21. Ne4 Rd8 22. Rad1 Be7 23. c4 Nb6 24. b3 g5 25. a4 Nd7 26. Bd6 Rge8 27. Bxe7 Rxe7 28. Nd6+ Kc7 29. Nf5 Ree8 30. Ng7 e5 31. Nxe8+ Rxe8 32. Rd5 Re6 33. f3 Kc6 34. Kf2 a5 35. g4 Re7 36. Kg3 Re8 37. h4 Rb8 38. Red1 Nf8 39. R1d3 Re8 40. hxg5 hxg5 41. Rd6+ Kc7 42. R3d5 e4 43. fxe4 Rxe4 44. Ra6 Ne6 45. Rxa7+ Kc6 46. Rxa5 Re3+ 47. Kf2 Rxb3 48. Ra6+ Rb6 49. Rxb6+ Kxb6 50. Rd6+ 1-0


[Site "https://www.chess.com"]

[Event "Titled Tuesday Blitz October 11 Late 2022"]
[White "Barria Zuniga, Daniel"]
[Black "Holt, Conrad"]
[WhiteFideId "3400816"]
[BlackFideId "2034387"]
[WhiteElo "2414"]
[BlackElo "2592"]
[Result "0-1"]
[Round "07"]
[TimeControl "180+1"]
[Date "2022.10.11"]
[WhiteClock "0:00:17"]
[BlackClock "0:00:49"]

1. d4 d5 2. c4 c6 3. Nf3 Nf6 4. Nc3 dxc4 5. e3 b5 6. a4 b4 7. Na2 e6 8. Bxc4 Bb7 9. O-O a5 10. Qe2 Nbd7 11. Rd1 c5 12. b3 Bd6 13. Bb2 Qb8 14. Nc1 cxd4 15. exd4 O-O 16. Nd3 Bxf3 17. Qxf3 Bxh2+ 18. Kf1 Bd6 19. Rac1 Rd8 20. Bb5 Ra7 21. Nc5 Nb6 22. Na6 Qa8 23. Bc6 Qc8 24. Bb5 Qb7 25. Rc6 Nbd5 26. Rdc1 Bf4 27. R1c2 h5 28. g3 Bg5 29. Nc5 Qe7 30. Nd3 Ng4 31. Kg2 Qf6 32. Rc8 Ra8 33. Rxa8 Rxa8 34. Ne5 Nxe5 35. dxe5 Qxf3+ 36. Kxf3 g6 37. Ke4 Rd8 38. f4 Bh6 39. Bd4 h4 40. Rh2 Nc3+ 41. Bxc3 bxc3 42. Rxh4 c2 43. Rh1 Rd1 0-1


[Site "https://www.chess.com"]

[Event "Titled Tuesday Blitz October 11 Late 2022"]
[White "Baskakov, Egor"]
[Black "Kanter, Eduard"]
[WhiteFideId "24197866"]
[BlackFideId "4103963"]
[WhiteElo "2211"]
[BlackElo "2267"]
[Result "1-0"]
[Round "07"]
[TimeControl "180+1"]
[Date "2022.10.12"]
[WhiteClock "0:00:37"]
[BlackClock "0:00:03"]

1. e4 c5 2. Nf3 d6 3. d4 cxd4 4. Nxd4 Nf6 5. Nc3 g6 6. g3 Bg4 7. Qd3 Nc6 8. h3 Bd7 9. Bg2 Bg7 10. Nde2 O-O 11. O-O Rb8 12. a4 a6 13. Nd5 b5 14. axb5 axb5 15. Be3 Ne5 16. Qb3 Nc4 17. Bc1 e6 18. Nxf6+ Qxf6 19. Qb4 Rfc8 20. Ra7 Bc6 21. b3 Ne5 22. Nd4 Be8 23. Bb2 Qd8 24. Rfa1 Nc6 25. Nxc6 Bxc6 26. Bxg7 Kxg7 27. Rd1 Qb6 28. Ra2 Qc5 29. Qd2 Rd8 30. h4 h5 31. Qf4 Qe5 32. Qe3 b4 33. Ra7 Ra8 34. Rc7 Rac8 35. Re7 Qf6 36. Ra7 Be8 37. Ra2 Qc3 38. Qd4+ Qxd4 39. Rxd4 Rb8 40. Ra6 Rdc8 41. Rd2 Rc7 42. Raxd6 Rbc8 43. Rd8 Rxd8 44. Rxd8 Bb5 45. Rd2 e5 46. Bf1 Bxf1 47. Kxf1 Kf6 48. Ke2 Ke6 49. Kd1 Rc3 50. Rd3 Rc6 51. Kd2 f5 52. exf5+ gxf5 53. Rd8 Rc3 54. Rb8 Rf3 55. Ke2 Rc3 56. Kd2 Rf3 57. Ke1 Rc3 58. Rxb4 Rxc2 59. Rb8 f4 60. gxf4 exf4 61. Rb5 f3 62. Rxh5 Re2+ 63. Kf1 Rb2 64. Kg1 1-0


[Site "https://www.chess.com"]

[Event "Titled Tuesday Blitz October 11 Late 2022"]
[White "Bjelobrk, Igor"]
[Black "Bogaudinov, Rushan"]
[WhiteFideId "4300726"]
[BlackFideId "4129288"]
[WhiteElo "2335"]
[BlackElo "1945"]
[Result "1-0"]
[Round "07"]
[TimeControl "180+1"]
[Date "2022.10.12"]
[WhiteClock "0:00:25"]
[BlackClock "0:00:01"]

1. Nf3 d5 2. g3 e6 3. Bg2 Nf6 4. O-O Be7 5. d3 O-O 6. Nbd2 b6 7. e4 Bb7 8. e5 Nfd7 9. Re1 c5 10. Nf1 Nc6 11. Bf4 a5 12. h4 a4 13. a3 b5 14. N1h2 b4 15. h5 bxa3 16. bxa3 Nd4 17. Nxd4 cxd4 18. h6 g6 19. Qg4 Qc7 20. Re2 Ra6 21. Nf3 Qc3 22. Rb1 Rb6 23. Rxb6 Nxb6 24. Bg5 Qxa3 25. Qxd4 Bc5 26. Qh4 Nd7 27. d4 Bb4 28. c3 Qxc3 29. Be7 a3 30. Bxf8 Bxf8 31. Qd8 Qc8 32. Qxc8 Bxc8 33. Ra2 Ba6 34. Nd2 Nb6 35. Bf1 Nc4 36. Nxc4 dxc4 37. f4 Bb4 38. Kf2 Kf8 39. Ke3 Ke8 40. d5 Bc5+ 41. Ke4 Kd7 42. g4 Bb4 43. f5 exf5+ 44. gxf5 gxf5+ 45. Kxf5 Kc7 46. Kf6 Kb6 47. Kxf7 Kc5 48. d6 Bc8 49. Ke7 c3 50. Bd3 Kd4 51. Bxh7 Kxe5 52. Bc2 Bxd6+ 53. Kd8 1-0


[Site "https://www.chess.com"]

[Event "Titled Tuesday Blitz October 11 Late 2022"]
[White "Bluebaum, Matthias"]
[Black "Mamedov, Rauf"]
[WhiteFideId "24651516"]
[BlackFideId "13401653"]
[WhiteElo "2633"]
[BlackElo "2650"]
[Result "0-1"]
[Round "07"]
[TimeControl "180+1"]
[Date "2022.10.11"]
[WhiteClock "0:00:18"]
[BlackClock "0:00:16"]

1. d4 d5 2. c4 c6 3. Nf3 Nf6 4. Nc3 dxc4 5. e4 b5 6. Qc2 Bg4 7. a4 b4 8. Nd1 Bxf3 9. gxf3 Qxd4 10. Be3 Qd8 11. Bxc4 e6 12. b3 Nbd7 13. Be2 Qc7 14. f4 Be7 15. Nb2 O-O 16. Rc1 Rfc8 17. h4 h5 18. Rg1 Nf8 19. Nc4 Rd8 20. Kf1 g6 21. e5 Nd5 22. Bxh5 Nxe3+ 23. fxe3 Bxh4 24. Qh2 Be7 25. Bf3 g5 26. Be4 f5 27. exf6 Bxf6 28. Qh6 Qg7 29. fxg5 Bc3 30. Ke2 Rac8 31. Rcf1 Rd7 32. Rf6 Rcd8 33. Qxg7+ Kxg7 34. Rh6 c5 35. Rgh1 a5 36. Kf3 Rf7+ 37. Kg4 Rfd7 38. Nxa5 Rd2 39. Nc6 R8d6 40. a5 Re2 41. Kf3 Rdd2 42. Rh7+ Nxh7 43. Rxh7+ Kf8 44. g6 Rg2 45. Rf7+ Ke8 46. Re7+ Kf8 47. Rf7+ Ke8 48. Kf4 Rdf2+ 49. Bf3 Rxg6 50. Re7+ Kf8 51. Ke4 e5 52. Rc7 Ra2 53. Bh5 Rf6 54. Kd5 e4 55. Kc4 Be1 56. Kb5 c4 57. Kxc4 Rf5 58. Bg4 Rc2+ 59. Kd4 Rfc5 60. Bd7 Bf2 61. Kxe4 Ra2 62. Kf3 Rc3 63. a6 Rxe3+ 64. Kf4 Rxb3 65. a7 Rba3 66. Rc8+ Kg7 67. Kg4 Bxa7 68. Rc7 Kf6 69. Nxb4 Rd2 70. Rc6+ Ke7 71. Bf5 Ra4 72. Kg5 Rxb4 73. Rc7+ Kd6 74. Rd7+ Ke5 75. Rxa7 Rg2+ 76. Kh5 Kxf5 77. Ra5+ Kf4 78. Ra1 Rb5+ 79. Kh6 Rb6+ 80. Kh7 Kf5 81. Rf1+ Kg5 82. Rf7 Rgb2 83. Rg7+ Kh5 84. Rg1 Rb7+ 85. Kg8 Rb8+ 86. Kf7 Rf2+ 87. Ke6 Rb6+ 88. Kd5 Rb5+ 89. Kc4 Rg5 90. Rh1+ Kg6 91. Rd1 Rf4+ 92. Kc3 Rg3+ 93. Kc2 Rf2+ 94. Kb1 Rgg2 95. Rd6+ Kf5 96. Rd5+ Ke4 97. Rd1 Rb2+ 98. Ka1 Ra2+ 99. Kb1 Rgb2+ 100. Kc1 Ra1+ 101. Kxb2 Rxd1 102. Kc2 Rd3 103. Kc1 Kd4 104. Kc2 Kc4 105. Kb1 Kc3 106. Ka1 Rd2 107. Kb1 Rh2 108. Ka1 Kb3 109. Kb1 Rh1# 0-1


[Site "https://www.chess.com"]